AoeStats
← All Conquistadors Are BSTRD

Arabian Desert

510544917Analyzed
1v1 RM · 1d ago on Oct 1, 2026· 23m 48s· 2 players
Game mode
Random Map
Map size
Tiny (2 player)
Population
200
Speed
Normal
Resources
Standard
Victory
Conquest
Starting age
Dark Age
Ending age
Imperial Age
RankedLock teamsTeams togetherTeam positionsShared explorationLock speedFull tech treeHidden civsTurbo modeCheats
Victory
Defeat
🇷🇺 Maya · Russia
1331
+16
1321
-16
All Conquistadors Are BSTRD
7:27 Loom
9:25 Feudal Age
10:17 Man-at-Arms
12:48 Double-Bit Axe
13:28 Horse Collar
18:12 Wheelbarrow
17:56 Scale Barding Armor
19:42 Forging
21:49 Bloodlines
4ndr3w
0:31 Loom
10:09 Feudal Age
12:31 Double-Bit Axe
15:38 Fletching
18:46 Horse Collar
22:50 Castle Age
21:28 Gold Mining
22:54 Crossbowman
23:31 Bodkin Arrow
23:58 Bow Saw
Connection lost

Rejoining the realm…

Still unreachable

The connection could not be restored.

Session expired

The server has moved on; the page needs a fresh start.